 Dungeon Crawl Stone Soup version 0.19-a0-1732-g0b18a7b (webtiles) character file.

11 4thArraOfDagon the Chiller (level 2, 0/40 HPs)
             Began as a Troll Wanderer on Sept 30, 2016.
             Succumbed to a water moccasin's poison
             ... on level 3 of the Dungeon.
             The game lasted 00:00:47 (204 turns).

4thArraOfDagon the Chiller (Troll Wanderer)          Turns: 204, Time: 00:00:47

Health: 0/40       AC:  5    Str: 23    XL:     2   Next: 17%
Magic:  2/2        EV:  9    Int:  8    God:
Gold:   44         SH:  0    Dex: 10    Spells: 0 memorised, 3 levels left

rFire  . . .     SeeInvis .     b - +0 mace
rCold  . . .     Gourm    +     d - +0 robe
rNeg   . . .     Faith    .     (no shield)
rPois  .         Spirit   .     (helmet restricted)
rElec  .         Dismiss  .     (no cloak)
rCorr  .         Reflect  .     (gloves unavailable)
MR     .....     Harm     .     (boots unavailable)
Stlth  ..........               h - amulet of rage
                                (no ring)
                                (no ring)

@: berserking, lethally poisoned (0 -> -21), very quick
A: unfitting armour, claws 3, fast metabolism 3, gourmand, regeneration 1,
shaggy fur 1, tough skin 2
a: Evoke Berserk Rage


You were on level 3 of the Dungeon.
You were not hungry.

You visited 1 branch of the dungeon, and saw 3 of its levels.

You collected 44 gold pieces.

Inventory:

Hand Weapons
 b - a +0 mace (weapon)
Armour
 d - a +0 robe (worn)
Jewellery
 h - an amulet of rage (around neck)
Scrolls
 e - a scroll of identify {unknown}
Potions
 g - a potion of heal wounds {unknown}
Books
 a - a book of Frost

   Spells                             Type                      Level
   a - Freeze                         Ice                          1
   b - Throw Frost                    Conjuration/Ice              2
   c - Ozocubu's Armour               Charms/Ice                   3
   d - Throw Icicle                   Conjuration/Ice              4
   e - Summon Ice Beast               Ice/Summoning                4
 c - the Guide on Translocation

   Spells                             Type                      Level
   a - Apportation                    Translocation                1
   b - Recall                         Summoning/Translocation      3
Comestibles
 f - 2 bread rations


   Skills:
 - Level 1.0 Fighting
 - Level 1.0 Maces & Flails
 - Level 1.0 Throwing
 - Level 1.0 Dodging
   Level 1.0 Shields
 * Level 1.9 Unarmed Combat
 - Level 1.2 Spellcasting
   Level 2.1 Ice Magic


You had 3 spell levels left.
You didn't know any spells.

Dungeon Overview and Level Annotations

Branches:
Dungeon (3/15)

Altars:


Innate Abilities, Weirdness & Mutations

You are too large for most types of armour.
You have claws for hands.
Your metabolism is lightning-fast.
You like to eat raw meat.
Your natural rate of healing is unusually fast.
You are covered in fur. (AC +1)
You have very tough skin. (AC +2)


Message History

You feel yourself moving faster!
You feel mighty!
You feel sick. The water moccasin bites you!
You are more poisoned.
The water moccasin poisons you! The water moccasin closely misses you.
You miss the water moccasin.
You feel very sick. The water moccasin closely misses you.
You barely miss the water moccasin.
You feel sick. The water moccasin bites you.
You miss the water moccasin.
You feel sick. The water moccasin bites you.
* * * LOW HITPOINT WARNING * * *
You are more poisoned.
The water moccasin poisons you! The water moccasin bites you.
* * * LOW HITPOINT WARNING * * *
You barely miss the water moccasin.
* * * LOW HITPOINT WARNING * * *
You feel very sick. The water moccasin closely misses you.
You closely miss the water moccasin.
You die...

#.# #.. ##.## ##.
... #. #.# #.
###########.# ###.
#...S.......# #...
#.####..###.###.#.
###S#.......#.....#.
#..@..#...#.#.#####.
......#.#.....#.#.#
#. .######........
..# #. #########.###
## #. #


You could see a water moccasin.

Vanquished Creatures
  A worm (D:2)
  A leopard gecko (D:2)
  A giant cockroach (D:2)
  2 goblins (D:2)
  A kobold (D:3)
  A rat (D:2)
7 creatures vanquished.

Notes
Turn   | Place    | Note
-------+----------+-------------------------------------------
     0 | D:1      | 4thArraOfDagon the Troll Wanderer began the quest for the Orb.
     0 | D:1      | 4thArraOfDagon set off with: a book of Frost, a +0 mace, the Guide on Translocation, a +0 robe, 2 bread rations
     0 | D:1      | Reached XP level 1. HP: 19/19 MP: 1/1
    86 | D:2      | Reached skill level 1 in Unarmed Combat
   141 | D:2      | Reached XP level 2. HP: 23/27 MP: 2/2
   180 | D:3      | Noticed a water moccasin
   203 | D:3      | HP: 1/40 [poisoned by a water moccasin]
   204 | D:3      | Succumbed to a water moccasin's poison

Vault maps used:
D:1:      grunt_arrival_crossed_arrows, serial_corexii_hall,
          corexii_hall_statues_i, corexii_hall_statues_t,
          corexii_hall_statues_s, corexii_hall_statues_l
D:2:      grunt_ministairs_15
D:3:      grunt_temple_overflow_diamond, st_stairs_3, supply_closet_lemuel

Skill      XL: |  1 |
---------------+----+-----
Unarmed Combat | 1 |  1.9
Fighting       | |  1.0
Maces & Flails | |  1.0
Throwing       | |  1.0
Dodging        | |  1.0
Shields        | |  1.0
Spellcasting   | |  1.2
Ice Magic      | |  2.1

Action                   || total
-------------------------++-------
Melee: Mace              ||    33
 Abil: Evoke Berserk Rag ||     1
Armor: Robe              ||     9
Dodge: Dodged            ||    14
